 Dungeon Crawl Stone Soup version 0.29.1-4-g47bece8355 (webtiles) character file.

Game seed: 16646846157226419861

299 venomsnake the Trooper (level 6, -2/55 HPs)
             Began as a Minotaur Berserker on Dec 9, 2022.
             Was a Believer of Trog.
             Slain by Grinder (4 damage)
             ... on level 4 of the Dungeon.
             The game lasted 00:09:29 (3269 turns).

venomsnake the Trooper (Minotaur Berserker)         Turns: 3269, Time: 00:09:30

Health: -2/55      AC:  7    Str: 24    XL:     6   Next: 13%
Magic:  5/5        EV:  9    Int:  4    God:    Trog [**....]
Gold:   198        SH:  6    Dex:  9    Spells: 5/5 levels left

rFire   . . .      SeeInvis .   a - +0 hand axe
rCold   . . .      Faith    .   j - +0 kite shield
rNeg    . . .      Spirit   .   m - +0 scale mail
rPois   .          Reflect  .   (helmet restricted)
rElec   .          Harm     .   (no cloak)
rCorr   .          Rampage  .   (no gloves)
Will    .....                   (no boots)
Stlth   ..........              (no amulet)
HPRegen 0.18/turn               (no ring)
MPRegen 0.09/turn               (no ring)

@: on berserk cooldown, slowed, very slow
A: horns 2, retaliatory headbutt
a: Renounce Religion, Berserk, Trog's Hand


You were on level 4 of the Dungeon.
You worshipped Trog.
Trog was pleased with you.
You visited 1 branch of the dungeon, and saw 4 of its levels.

You collected 198 gold pieces.

Inventory:

Hand Weapons
 a - a +0 hand axe (weapon)
Missiles
 g - 21 stones (quivered)
Armour
 j - a +0 kite shield (worn)
 m - a +0 scale mail (worn)
Wands
 n - a wand of roots (4)
Scrolls
 b - a scroll of noise {unknown}
 c - a scroll of enchant weapon {unknown}
 e - a scroll of vulnerability {unknown}
 f - 3 scrolls of teleportation
 h - 3 scrolls of identify {unknown}
 k - a scroll of magic mapping {unknown}
Potions
 d - a potion of haste {unknown}
 i - a potion of might {unknown}
 l - 3 potions of heal wounds {unknown}


   Skills:
 + Level 4.9 Fighting
 + Level 4.8 Axes
 + Level 4.1 Armour
 + Level 3.6 Dodging
 + Level 2.2 Evocations


You had 5 spell levels left.
You didn't know any spells.
Your spell library was empty.

Dungeon Overview and Level Annotations

Branches:
Dungeon (4/15)
 Temple: D:4-7

Altars:
Ashenzari
Makhleb

Annotations:
D:4 Grinder


Innate Abilities, Weirdness & Mutations

You have a pair of horns on your head.
You reflexively headbutt those who attack you in melee.


Message History

You barely miss Grinder.
Grinder is moderately wounded.
You block Grinder's attack.
You barely miss Grinder.
Grinder is moderately wounded.
Grinder gestures at you.
You suddenly lose the ability to move!
Grinder hits you.
You writhe in agony.
Grinder hits you but does no damage. Grinder hits you.
You writhe in agony.
Grinder barely misses you.
You can move again.
You barely miss Grinder. Your headbutt misses Grinder.
Grinder is moderately wounded.
You are no longer berserk.
You are exhausted.
You feel yourself slow down.
You closely miss Grinder.
Grinder is moderately wounded.
Grinder blinks!
Grinder gestures at you.
You suddenly lose the ability to move!
Grinder hits you.
You writhe in agony.
* * * LOW HITPOINT WARNING * * *
You can move again.
You are too injured to fight recklessly!
You are too injured to fight recklessly!
You hit Grinder but do no damage.
Grinder is moderately wounded.
Grinder gestures at you. Pain shoots through your body!
* * * LOW HITPOINT WARNING * * *
Grinder hits you.
* * * LOW HITPOINT WARNING * * *
You hit Grinder but do no damage.
Grinder is moderately wounded.
Grinder hits you.
* * * LOW HITPOINT WARNING * * *
You writhe in agony.
You die...

###########
#<........#
#.#######.# #@# #.#
#5# #.# #.#
#.########
#.#######.........
##.#........######.
###....#####.##
#......# #.#
######.#...#### #.#
#.............###.#


You could see Grinder.

Vanquished Creatures
  Sigmund (D:2)
  4 adders
  5 worms
  2 dart slugs
  5 ball pythons
  4 endoplasms
  5 giant cockroaches
  10 goblins
  4 hobgoblins
  8 jackals
  3 kobolds
  4 quokkas
  7 bats
  6 frilled lizards
  4 rats
72 creatures vanquished.

Notes
Turn   | Place    | Note
-------+----------+-------------------------------------------
     0 | D:1      | venomsnake the Minotaur Berserker began the quest for the
                  | Orb.
     0 | D:1      | Reached XP level 1. HP: 19/19 MP: 0/0
   269 | D:1      | Reached XP level 2. HP: 27/27 MP: 1/1
   807 | D:1      | Reached XP level 3. HP: 33/33 MP: 2/2
  1310 | D:2      | Noticed Sigmund
  1321 | D:2      | Killed Sigmund
  1322 | D:2      | Reached skill level 1 in Evocations
  1322 | D:2      | Reached XP level 4. HP: 14/41 MP: 3/3
  1322 | D:2      | Reached XP level 5. HP: 16/47 MP: 4/4
  1331 | D:2      | Reached ** piety under Trog
  2504 | D:3      | Reached XP level 6. HP: 54/55 MP: 5/5
  2617 | D:3      | Found a broken altar of Ashenzari.
  3000 | D:3      | Found a burning altar of Makhleb.
  3231 | D:4      | Noticed Grinder
  3247 | D:4      | Paralysed by Grinder for 3 turns
  3254 | D:4      | Paralysed by Grinder for 4 turns
  3265 | D:4      | Paralysed by Grinder for 3 turns
  3269 | D:4      | HP: 2/55 [Grinder (3)]
  3269 | D:4      | Slain by Grinder

Illustrated notes

Levels and vault maps discovered:
D:1:      elethiomel_arrival_fortress_basement, layout_basic,
          hangedman_decor_growths, st_stairs_4, hex_medium
D:2:      layout_loops_ring, uniq_sigmund
D:3:      layout_loops_cross, mainiacjoe_overflow_swirl,
          kennysheep_generic_room_16
D:4:      layout_loops_ring, tgw_sif, nicolae_ossuary_entry_ruins, uniq_duvessa,
          uniq_grinder, uniq_edmund

Skill      XL: |  1  2  3  4  5 |
---------------+----------------+-----
Fighting       | 4 |  4.9
Axes           | 4 |  4.8
Armour         | 3 4 |  4.1
Dodging        | 3 |  3.6
Evocations     | 1 2 |  2.2

Action                   |  1- 3 |  4- 6 || total
-------------------------+-------+-------++-------
Melee: Hand axe          |    58 |   106 ||   164
       Headbutt          |     6 |    11 ||    17
       Punch             |     1 |       ||     1
Throw: Stone             |       |     6 ||     6
Invok: Berserk           |       |     1 ||     1
  Use: Scroll            |       |     1 ||     1
Armor: Ring mail         |    21 |    16 ||    37
       Animal skin       |     1 |       ||     1
       Scale mail        |       |    14 ||    14
Dodge: Dodged            |    32 |    53 ||    85
Block: Kite shield       |       |    22 ||    22
